 Seeded DCSS version 0.30.0-17-ge0270778cf (webtiles) character file.

Game seed: 12735965570273765983 (custom seed)

2 Pimp the Ducker (level 1, 0/13 HPs)
             Began as a Deep Elf Monk on May 21, 2023.
             Slain by a jackal (1 damage)
             ... on level 1 of the Dungeon.
             The game lasted 00:00:50 (68 turns).

Pimp the Ducker (Deep Elf Monk)                       Turns: 68, Time: 00:00:50

Health: 0/13       AC:  2    Str:  8    XL:     1   Next: 33%
Magic:  3/3        EV: 13    Int: 14    God:
Gold:   11         SH:  0    Dex: 17    Spells: 0/0 levels left

rFire   . . .        a - +0 short sword
rCold   . . .        d - orb {light}
rNeg    . . .        b - +0 robe
rPois   .            (no helmet)
rElec   .            (no cloak)
rCorr   .            (no gloves)
SInv    .            (no boots)
Will    .....        (no amulet)
Stlth   +            (no ring)
HPRegen 0.22/turn    (no ring)
MPRegen 0.08/turn

%: no passive effects
@: glowing, studying Conjurations
A: no striking features
a: no special abilities


You were on level 1 of the Dungeon.
You visited 1 branch of the dungeon, and saw 1 of its levels.

You collected 11 gold pieces.

Inventory:

Hand Weapons
 a - a +0 short sword (weapon)
Armour
 b - a +0 robe (worn)
 d - an orb of light (worn)
 f - the +2 cloak "Pineq" {*Slow rF++ Slay+6 SInv}
   (You acquired it on level 1 of the Dungeon)

   Slay:      It affects your accuracy & damage with ranged weapons and melee
   (+6).
   rF:        It greatly protects you from fire.
   SInv:      It lets you see invisible.
   *Slow:     It may slow you when you take damage.
Potions
 c - a potion of ambrosia
 e - a potion of degeneration


   Skills:
 + Level 2.4 Fighting
 + Level 3.0 Short Blades
 + Level 3.7 Dodging


You couldn't memorise any spells.
You didn't know any spells.
Your spell library was empty.

Dungeon Overview and Level Annotations

Branches:
Dungeon (1/15)

Altars:


Message History

g - 2 scrolls labelled JAMMEC ZAWOC (gained 1)
Found a stone staircase leading down.
A jackal comes into view.
As you read the scroll labelled LOILICE GORIW, it crumbles to dust.
It is a scroll of identify.
e - a potion of degeneration The jackal barks!
You hear an angry hiss.
You hear a shout!
A jackal comes into view.
This is a scroll of acquirement!
You see here a manual of Conjurations.
Something appears at your feet!
The jackal barks!
You hear a bark! x2
A jackal comes into view. x2
You pick up a manual of Conjurations and begin studying.
Something appears at your feet! The jackal bites you.
A frilled lizard comes into view.
Okay, then.
f - the +2 cloak "Pineq" {*Slow rF++ Slay+6 SInv} The frilled lizard hisses angrily.
The jackal bites you. The jackal closely misses you.
You barely miss the jackal. The jackal bites you.
A jackal comes into view.
The jackal bites you but does no damage.
The jackal barely misses you.
The jackal bites you but does no damage.
The jackal attacks as you move away! The jackal bites you.
The jackal misses you. The jackal attacks as you move away!
The jackal bites you but does no damage.
The jackal attacks as you move away! The jackal barely misses you.
The jackal bites you. The jackal attacks as you move away!
The jackal misses you. The jackal bites you.
The jackal attacks as you move away! The jackal bites you.
* * * LOW HITPOINT WARNING * * *
The jackal attacks as you move away! The jackal barely misses you.
The jackal completely misses you. The jackal attacks as you move away!
The jackal bites you.
* * * LOW HITPOINT WARNING * * *
The jackal bites you.
You die...

### ..# # #.# .#
#.# ..#
#@#######...###
#h##.h.l....h..
####hh............
#.................
#.#......####...###
.###..#..# ...#
##.#.#.#..####...#
.........##.. ..>.
##..###.###.# ..#.


You could see 3 jackals.

Vanquished Creatures
  A ball python (D:1)
  An endoplasm (D:1)
2 creatures vanquished.

Notes
Turn   | Place    | Note
-------+----------+-------------------------------------------
     0 | D:1      | Pimp the Deep Elf Monk began the quest for the Orb.
     0 | D:1      | Reached XP level 1. HP: 13/13 MP: 3/3
    57 | D:1      | Identified 2 scrolls of acquirement
    57 | D:1      | Acquired a manual of Conjurations
    59 | D:1      | Acquired the +2 cloak "Pineq" {*Slow rF++ Slay+6 SInv}
    68 | D:1      | Slain by a jackal

Illustrated notes

Levels and vault maps discovered:
D:1:      dpeg_arrival_long_road, layout_loops_cross, hex_tiny

Action                     || total
---------------------------++-------
  Melee: Short sword       ||     6
    Use: Scroll            ||     3
 Armour: Robe              ||     3
  Dodge: Dodged            ||    10
